 Dungeon Crawl Stone Soup version 0.30-a0-165-g1891117ce2 (webtiles) character file.

Game seed: 13971888794895111606

1119 ragingrage the Grappler (level 8, 0/74 HPs)
             Began as a Troll Fighter on Sept 28, 2022.
             Slain by a killer bee (5 damage)
             ... on level 8 of the Dungeon.
             The game lasted 00:03:44 (3452 turns).

ragingrage the Grappler (Troll Fighter)             Turns: 3452, Time: 00:03:45

Health: 0/74       AC:  5    Str: 25 (27) XL:     8   Next: 12%
Magic:  7/7        EV: 10    Int:  3 (4)  God:
Gold:   305        SH:  0    Dex:  8 (9)  Spells: 7/7 levels left

rFire   . . .      SeeInvis .      - Unarmed
rCold   . . .      Faith    .    (no shield)
rNeg    . . .      Spirit   .    a - +0 robe
rPois   .          Reflect  .    (helmet restricted)
rElec   .          Harm     .    g - +0 cloak
rCorr   .          Rampage  .    (gloves unavailable)
Will    .....                    (boots unavailable)
Stlth   +.........               (no amulet)
HPRegen 1.02/turn                (no ring)
MPRegen 0.10/turn                (no ring)

@: lethally poisoned (0 -> -7)
A: large, unfitting armour, claws 3, regeneration 1, shaggy fur 1, tough skin 1
a: no special abilities


You were on level 8 of the Dungeon.
You visited 2 branches of the dungeon, and saw 10 of its levels.

You collected 305 gold pieces.

Inventory:

Missiles
 e - 3 boomerangs (quivered)
 v - 4 javelins
Armour
 a - a +0 robe (worn)
 b - a +0 kite shield
 g - a +0 cloak (worn)
Jewellery
 s - a ring of ice
Wands
 y - a wand of flame (18)
Scrolls
 f - a scroll of teleportation {unknown}
 h - a scroll of enchant weapon {unknown}
 i - 3 scrolls of enchant armour {unknown}
 j - 2 scrolls of torment {unknown}
 l - a scroll of brand weapon {unknown}
 n - 2 scrolls of immolation {unknown}
 p - 2 scrolls of magic mapping {unknown}
 u - a scroll of noise {unknown}
 x - a scroll of identify {unknown}
Potions
 c - 3 potions of might
 d - 5 potions of curing
 m - 2 potions of degeneration
 q - 2 potions of brilliance {unknown}
 r - 2 potions of berserk rage {unknown}
 t - a potion of heal wounds {unknown}
 w - a potion of mutation {unknown}
 z - a potion of ambrosia {unknown}


   Skills:
 - Level 2.4 Fighting
 - Level 2.4 Dodging
 - Level 2.6 Shields
 + Level 9.8 Unarmed Combat


You had 7 spell levels left.
You didn't know any spells.
Your spell library contained the following spells:

 Spells                   Type           Power      Damage    Failure   Level
 Sting                    Tmut/Pois      0%         1d3       52%         1
 Ensorcelled Hibernation  Hex/Ice        0%         N/A       67%         2
 Passwall                 Tmut/Erth      0%         N/A       67%         2
 Poisonous Vapours        Pois/Air       0%         N/A       67%         2
 Swiftness                Air            0%         N/A       88%         3
 Olgreb's Toxic Radiance  Pois           0%         N/A       99%         4


Dungeon Overview and Level Annotations

Branches:
Dungeon (9/15)             Temple (1/1) D:4
   Lair: D:8-11         Orc: D:9-12

Altars:
Elyvilon
Fedhas
Gozag
Kikubaaqudgha
Makhleb
Nemelex Xobeh
Okawaru
Qazlal
Sif Muna
Trog
Uskayaw
Wu Jian
Yredelemnul
The Shining One

Shops:
D:4 *=

Annotations:
D:5 Eustachio


Innate Abilities, Weirdness & Mutations

You are too large for most types of armour.
You have claws for hands.
Your natural rate of healing is unusually fast.
You are covered in fur. (AC +1)
You have tough skin. (AC +1)


Message History

You scratch the kobold brigand.
The kobold brigand is moderately wounded.
You feel sick.
The killer bee stings you but does no damage.
The killer bee stings you.
Okay, then.
Okay, then.
Okay, then.
You feel sick. The killer bee stings you.
You are more poisoned.
The killer bee poisons you! The killer bee barely misses you.
A kobold comes into view. It is wielding a +0 short sword.
The kobold brigand hits you with a +0 dagger!
The killer bee barely misses you.
You feel very sick.
The kobold shouts!
The killer bee barely misses you.
The kobold brigand hits you but does no damage.
The killer bee stings you.
You are more poisoned.
The killer bee poisons you! The killer bee barely misses you.
The killer bee attacks as you move away!
The killer bee stings you.
The killer bee attacks as you move away!
The killer bee stings you.
You are more poisoned.
The killer bee poisons you!
You feel very sick. The killer bee stings you.
* * * LOW HITPOINT WARNING * * *
The killer bee barely misses you. The killer bee stings you.
* * * LOW HITPOINT WARNING * * *
The killer bee attacks as you move away!
The killer bee stings you.
* * * LOW HITPOINT WARNING * * *
x2 You feel very sick.
The killer bee closely misses you. The killer bee stings you.
* * * LOW HITPOINT WARNING * * *
The killer bee stings you.
You die...

............#...
#..........#... .........##
#.............. ..........
###.#.#.........
........###...# #.......#
......K..K..K####....##
#.....#.#yF..##......#
#...####yy.....#.#..#
##...#.#@##.†....# ...
#.......†##.####.# .
##...##.#.#.## ...
#...####....# ......
#####..## #...###.##....
###.##....###...##..##....
#......##.#..........# #..
###.....#............##......
#...........................


You could see a bullfrog, 3 killer bees and 2 kobolds.

Vanquished Creatures
  A water moccasin (D:8)
  A black bear (D:4)
  A phantom (D:4)
  A bullfrog (D:5)
  A scorpion (D:5)
  5 killer bees (D:8)
  A howler monkey (D:5)
  A jelly (D:4)
  3 hounds
  2 orc priests
  4 iguanas
  An orc wizard (D:5)
  3 gnolls
  6 adders
  An ufetubus (D:5)
  2 dart slugs
  12 orcs
  5 endoplasms
  4 giant cockroaches
  5 goblins
  3 hobgoblins
  3 jackals (D:3)
  11 kobolds
  4 quokkas
  5 ball pythons
  3 bats
  A frilled lizard (D:1)
  4 rats
94 creatures vanquished.

Notes
Turn   | Place    | Note
-------+----------+-------------------------------------------
     0 | D:1      | ragingrage the Troll Fighter began the quest for the Orb.
     0 | D:1      | Reached XP level 1. HP: 22/22 MP: 0/0
   193 | D:1      | Reached XP level 2. HP: 29/29 MP: 1/1
   317 | D:1      | Found a faded altar of an unknown god.
   385 | D:1      | Reached skill level 3 in Unarmed Combat
   590 | D:2      | Reached XP level 3. HP: 31/36 MP: 2/2
   933 | D:3      | Reached skill level 4 in Unarmed Combat
   933 | D:3      | Reached XP level 4. HP: 40/44 MP: 3/3
  1077 | D:3      | Reached skill level 5 in Unarmed Combat
  1077 | D:3      | Reached XP level 5. HP: 49/50 MP: 4/4
  1125 | D:3      | Found a stormy altar of Qazlal.
  1519 | D:4      | Found Quolosir's General Store.
  1558 | D:4      | Found a staircase to the Ecumenical Temple.
  1582 | Temple   | Entered the Ecumenical Temple
  1736 | D:4      | Noticed a phantom
  1737 | D:4      | Found Arestou's Jewellery Emporium.
  1747 | D:4      | Killed a phantom
  1748 | D:4      | Reached skill level 6 in Unarmed Combat
  1748 | D:4      | Reached XP level 6. HP: 54/59 MP: 5/5
  1974 | D:4      | Found a shimmering blue altar of Sif Muna.
  2331 | D:5      | Entered Level 5 of the Dungeon
  2341 | D:4      | Reached skill level 7 in Unarmed Combat
  2411 | D:5      | Reached XP level 7. HP: 66/66 MP: 6/6
  2485 | D:5      | Reached skill level 8 in Unarmed Combat
  2573 | D:5      | Found an ornate altar of the Wu Jian Council.
  2738 | D:5      | Noticed Eustachio
  2969 | D:6      | Found a sparkling altar of Nemelex Xobeh.
  2969 | D:6      | Found an ancient bone altar of Kikubaaqudgha.
  2976 | D:6      | You fall into a shaft and drop 3 floors!
  3096 | D:7      | Noticed a steam dragon
  3123 | D:8      | Reached skill level 9 in Unarmed Combat
  3249 | D:8      | Reached XP level 8. HP: 52/74 MP: 7/7
  3452 | D:8      | Slain by a killer bee

Illustrated notes

Levels and vault maps discovered:
D:1:      dpeg_arrival_pits, layout_rooms, basic_ecumenical_altar,
          chequers_serial_rivers_room_b
D:2:      layout_basic
D:3:      layout_basic, mainiacjoe_overflow_boulevard
D:4:      layout_loops_ring, nicolae_sif_muna_little_library,
          minmay_temple_entry_tees, serial_shops, shop, minmay_misc_feat_tower,
          kennysheep_flooded_box, nicolae_take_the_stairs
D:5:      layout_rooms, lemuel_tele_altar, uniq_eustachio
D:6:      layout_basic, chequers_temple_overflow_minitemple, uniq_duvessa
D:7:      layout_basic, mainiacjoe_overflow_chevrons, kennysheep_nondescript,
          kennysheep_small_circle
D:8:      layout_cave_pools
D:9:      layout_grid_maze, nicolae_dithmenos_shadow_blocks, tgw_xom,
          mainiacjoe_overflow_big_doors, enter_bailey_8
Temple:   kb_temple_of_zot

Skill      XL: |  1  2  3  4  5  6  7 |
---------------+----------------------+-----
Unarmed Combat | 3 4 5 6 7 9 |  9.8
Fighting       | |  2.4
Dodging        | |  2.4
Shields        | |  2.6

Action                   |  1- 3 |  4- 6 |  7- 9 || total
-------------------------+-------+-------+-------++-------
Melee: Unarmed           |    95 |   111 |    84 ||   290
       Punch             |     1 |     2 |     2 ||     5
  Use: Potion            |       |       |     5 ||     5
 Stab: Sleeping          |     1 |       |       ||     1
Armor: Robe              |    44 |    39 |    30 ||   113
       Skin              |       |       |     9 ||     9
Dodge: Dodged            |    29 |    49 |    53 ||   131
Block: Kite shield       |     6 |       |       ||     6

Table legend: (Time is in decaauts)
 A = Elapsed time spent in this place.
 B = Non-inter-level travel time spent in this place.
 C = Inter-level travel time spent in this place.
 D = Time resting spent in this place.
 E = Time spent auto-exploring this place.
 F = Levels seen in this place.
 G = Mean time per level.
                   A        B        C        D        E       F      G
               +--------+--------+--------+--------+--------+-----+--------+
         Total |   3427 |   3252 |    175 |    244 |   2285 |  10 |  342.7 |
       Dungeon |   3330 |   3163 |    167 |    244 |   2206 |   9 |  370.0 |
        Temple |     96 |     88 |      8 |      0 |     79 |   1 |   96.0 |
               +--------+--------+--------+--------+--------+-----+--------+

Top non-repeatable levels by time:
     D:4: 896 daAuts
     D:5: 531 daAuts
     D:1: 455 daAuts
     D:3: 447 daAuts
     D:2: 430 daAuts
     D:8: 355 daAuts
     D:6: 99 daAuts
  Temple: 96 daAuts
     D:9: 60 daAuts
     D:7: 53 daAuts
